Map: Invader LE

Players

Pokebunny

  • Race: Terran Terran
  • League: Grandmaster

ViBE - Winner!

  • Race: Zerg Zerg
  • League: Grandmaster

VOD

Have the link to the VOD?

Description

Time

  • Played on: April 4, 2016, 1:37 p.m.
  • Length: 13:02
Show
View Real Time Build Order
Export as new Build Order

Pokebunny Terran 

Build Orders: Command Center First (CC), Liberator Opening, MMM Bio 

Get SALT Encoding   

  12  0:01  SCV  
  13  0:15  SCV  
  13  0:17  Supply Depot  
  14  0:27  SCV  
  15  0:39  SCV  
  16  0:51  SCV  
  17  1:00  Command Center  
  17  1:03  SCV  
  18  1:12  Barracks  
  18  1:17  SCV  
  19  1:21  Refinery  
  19  1:30  Refinery, SCV  
  20  1:42  SCV  
  21  1:59  Orbital Command, Marine  
  22  2:11  Orbital Command  
  22  2:17  Marine  
  23  2:27  Command Center  
  23  2:31  SCV  
  25  2:38  SCV  
  25  2:42  Barracks Reactor  
  25  2:44  Factory  
  25  2:46  Refinery  
  25  2:50  SCV x2  
  27  2:56  Supply Depot  
  27  3:02  SCV  
  27  3:03  SCV  
  29  3:14  SCV  
  29  3:15  SCV  
  29  3:19  Bunker  
  31  3:26  Barracks Tech Lab, SCV  
  32  3:27  SCV  
  32  3:28  Starport  
  32  3:33  Hellion x2  
  37  3:38  SCV  
  37  3:39  SCV  
  37  3:40  Orbital Command  
  39  3:45  Refinery  
  39  3:47  Stimpack  
  39  3:48  Liberator  
  39  3:49  Marine  
  39  3:54  Hellion  
  42  3:56  Hellion  
  42  4:00  SCV x2  
  46  4:08  SCV  
  50  4:12  SCV x2  
  50  4:16  Marine  
  53  4:24  Barracks x2  
  53  4:27  Factory Reactor, SCV x3  
  53  4:30  Engineering Bay  
  56  4:33  Engineering Bay  
  56  4:39  SCV x3  
  56  4:41  Refinery  
  59  4:48  Marine  
  59  4:49  Starport Reactor  
  60  4:55  SCV  
  60  4:59  Terran Infantry Armor Level 1, Terran Infantry Weapons Level 1  
  61  5:01  Supply Depot  
  61  5:03  Supply Depot  
  61  5:07  SCV x2  
  61  5:12  Barracks  
  61  5:13  Factory Tech Lab, Supply Depot  
  63  5:14  Barracks  
  63  5:24  Marine x5  
  63  5:26  Medivac  
  63  5:27  SCV x2  
  63  5:28  SCV  
  70  5:36  Missile Turret  
  70  5:40  Missile Turret  
  70  5:43  Missile Turret  
  65  5:51  Combat Shields  
  65  5:52  Marine  
  65  5:53  Marine x4  
  62  6:05  SCV  
  62  6:06  SCV x2  
  62  6:09  Barracks Reactor  
  65  6:21  Armory  
  65  6:23  Siege Tank  
  68  6:28  Barracks Reactor, Marine x3  
  65  6:39  Marine  
  67  6:45  SCV x3  
  70  6:49  Barracks Reactor  
  70  6:53  Marine x4  
  73  6:55  Orbital Command, Medivac x2  
  73  6:57  Siege Tank  
  73  7:00  Barracks Reactor  
  78  7:08  SCV x2  
  78  7:10  Marine x2  
  78  7:13  Missile Turret  
  81  7:16  Supply Depot  
  81  7:20  Terran Infantry Weapons Level 2, Terran Infantry Armor Level 2  
  81  7:24  Missile Turret  
  81  7:28  SCV x3  
  81  7:31  Medivac x2  
  82  7:42  Marine x3  
  82  7:43  Marine  
  67  7:51  Marine  
  67  7:52  Marine x4  
  67  7:53  Siege Tank  
  75  8:00  Marine x3  
  75  8:02  Marine  
  75  8:04  Medivac x2  
  83  8:09  Orbital Command, Marine x2  
  84  8:16  SCV x2  
  86  8:22  Missile Turret  
  86  8:24  Missile Turret  
  86  8:28  Siege Tank  
  86  8:29  Marine x3  
  92  8:35  SCV x3  
  92  8:38  Marine x3  
  98  8:44  Marine x3  
  98  8:47  SCV  
  101  8:52  Missile Turret  
  101  8:53  Supply Depot  
  101  8:55  Supply Depot  
  101  8:56  Supply Depot  
  101  9:01  Marine, SCV x2  
  100  9:15  Missile Turret  
  100  9:16  Marine x4  
  100  9:17  Marine x3  
  100  9:21  Medivac x2  
  99  9:26  Siege Tank  
  100  9:35  SCV x3, Missile Turret  
  103  9:43  Marine  
  103  9:44  Marine x6  
  108  9:47  Terran Infantry Weapons Level 3, Terran Infantry Armor Level 3, SCV x3  
  110  9:56  Supply Depot  
  110  9:57  Supply Depot  
  110  9:58  Siege Tank  
  113  10:05  Marine x2, Missile Turret  
  113  10:06  Marine x2  
  117  10:09  Missile Turret  
  117  10:11  Marine x2  
  117  10:12  SCV x2  
  121  10:14  SCV  
  122  10:22  Supply Depot  
  122  10:39  Marine x4  
  122  10:40  Marine x3, Bunker  
  118  10:52  Marine  
  118  10:53  Marine  
  115  10:57  Marine x2  
  103  11:05  Marine  
  103  11:06  Marine x4  
  88  11:15  SCV x3  
  84  11:33  Missile Turret  
  84  11:38  Missile Turret  
  84  11:39  Marine x2  
  86  11:40  Marine x7  
  86  11:41  Thor  
  86  11:42  Medivac  
  86  11:46  Missile Turret  
  101  11:53  Medivac  
  93  12:07  Marine x6  
  99  12:10  SCV x2  
  99  12:14  Supply Depot  
  99  12:15  Supply Depot  
  98  12:40  Marine  
  98  12:41  Marine x2  
Show
View Real Time Build Order
Export as new Build Order

ViBE Zerg - Winner!

Build Orders: Hatch First, Muta Ling Bane 

Get SALT Encoding   

  12  0:01  Drone  
  13  0:12  Overlord  
  13  0:22  Drone  
  14  0:32  Drone x2  
  16  0:37  Drone  
  17  0:54  Hatchery  
  16  1:01  Drone  
  16  1:03  Drone  
  18  1:16  Spawning Pool  
  18  1:17  Drone  
  18  1:21  Drone  
  18  1:24  Extractor  
  18  1:31  Drone  
  19  1:40  Drone  
  20  1:50  Overlord  
  20  2:01  Drone  
  21  2:07  Queen  
  21  2:08  Queen  
  25  2:12  Drone x2  
  27  2:19  Drone  
  28  2:23  Drone  
  28  2:28  Drone  
  30  2:33  Overlord  
  30  2:42  Drone  
  30  2:43  Queen  
  33  2:44  Lair  
  33  2:46  Drone  
  33  2:49  Drone  
  35  2:54  Drone  
  36  3:01  Drone  
  37  3:07  Overlord  
  37  3:08  Extractor  
  36  3:15  Drone x3  
  36  3:16  Drone x2  
  36  3:17  Drone x2  
  36  3:18  Drone  
  44  3:23  Overlord, Extractor  
  44  3:24  Extractor  
  42  3:32  Drone  
  43  3:39  Overlord  
  43  3:43  Drone, Spire  
  43  3:46  Drone  
  44  3:49  Drone x6  
  44  3:54  Metabolic Boost  
  50  4:01  Overlord  
  50  4:03  Drone  
  51  4:10  Hatchery  
  51  4:13  Zergling x4  
  52  4:18  Zergling x4  
  52  4:20  Overlord  
  52  4:22  Zergling x4  
  56  4:25  Overlord  
  56  4:27  Zergling x2  
  57  4:33  Zergling x4  
  57  4:34  Zergling x2  
  60  4:55  Mutalisk x6  
  60  4:58  Mutalisk  
  74  5:02  Zergling x2  
  74  5:03  Zergling x4  
  74  5:26  Drone  
  74  5:27  Drone x3  
  76  5:42  Mutalisk x4  
  84  5:57  Zergling x16  
  92  6:08  Drone  
  92  6:09  Drone x2  
  92  6:10  Baneling Nest  
  92  6:11  Drone x3, Evolution Chamber  
  95  6:12  Evolution Chamber  
  95  6:16  Zerg Flyer Weapons Level 1  
  95  6:21  Overlord  
  95  6:22  Overlord x5  
  95  6:40  Zergling x22  
  106  6:53  Zerg Melee Weapons Level 1, Zerg Ground Armor Level 1  
  106  6:56  Extractor x2  
  104  7:05  Mutalisk x5  
  112  7:16  Centrifical Hooks  
  112  7:19  Drone x6  
  96  7:53  Drone x11  
  102  8:17  Mutalisk x8  
  118  8:30  Hatchery  
  117  8:36  Zerg Flyer Weapons Level 2  
  117  8:43  Zergling x26  
  130  8:57  Baneling x16  
  130  8:59  Extractor  
  130  9:01  Extractor  
  124  9:18  Zergling x26  
  137  9:34  Overlord x6  
  133  9:52  Mutalisk x6  
  126  9:57  Infestation Pit  
  135  10:06  Drone x2  
  137  10:10  Zergling x10  
  137  10:11  Zerg Ground Armor Level 2, Zerg Melee Weapons Level 2  
  142  10:19  Zergling x16  
  142  10:20  Zergling x6  
  153  10:27  Zergling x2  
  153  10:28  Zergling x6  
  157  10:32  Baneling x4  
  157  10:34  Baneling x3  
  157  10:35  Baneling x3  
  141  10:56  Zergling x20  
  141  10:57  Zergling x8  
  132  11:14  Mutalisk x7  
  132  11:15  Mutalisk x2  
  143  11:32  Zergling x18  
  150  11:34  Baneling x2  
  150  11:35  Baneling x14  
  150  11:45  Overlord x3  
  150  11:49  Zergling x2  
  150  11:50  Zergling x18  
  148  12:01  Zergling x8  
  151  12:14  Zergling x8  
  155  12:20  Baneling x14  
  155  12:22  Zergling x8  
Tags
 
Add a new tag
Caveats
  • Supply blocks, unpowered buildings, or Contaminate may cause inaccurate times.
  • Supply counts are checked every 10 seconds.